[Event "NJSK 2021 Meisjes A&B"]
[Site "Almelo, Netherlands"]
[Date "2021.08.07"]
[Round "7.5"]
[White "Martinez, Sara"]
[Black "Basa, Manasvita"]
[Result "1-0"]
[TimeControl "90min/40moves + 30sec/move"]
[WhiteElo "1528"]
[BlackElo "1711"]

1. e4 e5 2. Nf3 Nc6 3. d4 exd4 4.
Nxd4 Bc5 5. Nb3 Bb6 6. Nc3 d6 7. Qe2 Be6 8. Nd5 Qd7 9. h3 O-O-O 10. Nxb6+ axb6 11. Be3 f5 12.
exf5 Bxf5 13. O-O-O Nf6 14. Qb5 Rhe8 15. Nd4 Re5 16. Qa4 Ra5 17. Qb3 Nxd4 18. Bxd4 Ne4 19. Bc4 d5 20. Bd3 Nc5 21.
Bxc5 bxc5 22. Kb1 Bxd3 23. Qxd3 Qa4 24. a3 c4 25. Qf5+ Kb8 26. Rd4 Qb5 27. Rhd1 c3 28. Rb4 Qc5 29.
Qf3 cxb2 30. Kxb2 Rf8 31. Qb3 b6 32. Rbd4 Rb5 33. Rb4 Ra5 34. Rbd4 Rb5 35. Rb4 Rxb4 36. axb4 Qxf2 37. Qxd5 Qf6+ 38.
Kb3 Qg6 39. Ra1 c6 40. Qe5+ 1-0

[Event "NJSK 2021 Meisjes A&B"]
[Site "Almelo, Netherlands"]
[Date "2021.08.07"]
[Round "7.6"]
[White "Maris, Evi"]
[Black "Bertholee, Arjuna"]
[Result "1-0"]
[TimeControl "90min/40moves + 30sec/move"]
[WhiteElo "1232"]
[BlackElo "1144"]

1. d4 d5 2. c4 e6 3. Nc3 Nf6 4. Nf3 c6 5. e3 Be7 6. Bd3 b6 7.
O-O Qc7 8. e4 dxe4 9. Nxe4 Nxe4 10. Bxe4 Bb7 11. Ne5 Nd7 12. Bf4 Bd6 13. Qh5 Nf6 14. Qf3 Nxe4 15. Qxe4 O-O-O 16. Rac1 f6 17.
Nd3 Bxf4 18. Nxf4 Qd6 19. d5 exd5 20. cxd5 c5 21. b4 Qe5 22. Qc4 Bxd5 23. Nxd5 Qxd5 24. Qa6+ Qb7 25. Qb5 Qd7 26.
Qe2 Rhe8 27. Qf3 Qd5 28. Qg4+ Qd7 29. Qf3 Qd5 30. Qa3 Kb7 31. bxc5 Qd3 32. c6+ Ka8 33. Qb2 Qd2 34. Qb5 Qd3 35.
Qh5 Qg6 36. Qf3 Qe4 37. c7 Rc8 38. Qg3 Kb7 39. Qc3 Qf4 40. Qc6+ Ka6 41. Rc4 Rxc7 42. Qxc7 Qxc7 43. Rxc7 Re2 44.
Ra1 b5 45. Kf1 Rb2 46. Rcc1 Ka5 47. Rcb1 Rc2 48. a3 Ka4 49. Rb4+ Ka5 50. Rab1 a6 51. h4 Ra2 52. R1b3 Rxa3 53.
Rxb5+ axb5 54. Rxa3+ Kb4 55. Ra7 Kc3 56. Rb7 b4 57. Ke1 b3 58. Kd1 Kb2 59. g4 g5 60. h5 h6 61. f3 Kc3 62.
Kc1 Kd4 63. Rxb3 Ke5 64. Kd2 f5 65. Rb4 fxg4 66. fxg4 Kf6 67. Ke3 Ke5 68. Rb5+ Kf6 69. Ke4 Kg7 70. Kf5 Kh7 71. Rb7+ Kh8 72.
Kg6 Kg8 73. Rb8# 1-0

[Event "NJSK 2021 Meisjes A&B"]
[Site "Almelo, Netherlands"]
[Date "2021.08.07"]
[Round "7.7"]
[White "Honkoop, Stella"]
[Black "Duson, Stella"]
[Result "1-0"]
[TimeControl "90min/40moves + 30sec/move"]
[WhiteElo "1573"]
[BlackElo "1259"]

1. d4 d5 2. c4 c6 3. Nc3 dxc4 4. Bf4 Bf5 5. e4 Bg6 6. Bxc4 Nf6 7. f3 e6 8. Nge2 a6 9. a4 Bb4 10. Qb3 a5 11.
O-O Nbd7 12. Na2 c5 13. Bb5 O-O 14. Bg5 Qc7 15. Nxb4 cxb4 16. Rac1 Qb6 17. e5 Nxe5 18. Be3 Ned7 19.
d5 Qd6 20. dxe6 Qxe6 21. Qxe6 fxe6 22. Bxd7 Nxd7 23. Rc7 Nf6 24. Rxb7 Rfd8 25. Nd4 Ra6 26. Rc1 e5 27. Nc6 Rd6 28. Ne7+ Kf7 29. Rcc7 Ke6 30. Nxg6 hxg6 31.
Rxg7 Rac6 32. Rge7+ Kd5 33. b3 Rc5 34. Bxc5 Kxc5 35. Rxe5+ Kc6 36. Ra7 Rd1+ 37. Kf2 Rd2+ 38. Ke1 Rxg2 39.
Ra6+ Kd7 40. Rxf6 Rxh2 41. Rxa5 g5 42. Ra7+ Ke8 43. Rb6 Rh1+ 44. Kf2 Rd1 45.
Rh6 g4 46. Rh8# 1-0